 Dungeon Crawl Stone Soup version 0.19.0-11-g3fc08b3 (webtiles) character file.

66278 Gingerlord the Cleaver (level 15, 0/119 HPs)
             Began as a Human Wanderer on Nov 8, 2016.
             Was a High Priest of Okawaru.
             Killed by divine providence
             ... invoked by a meliai
              (10 damage)
             ... on level 13 of the Dungeon.
             The game lasted 01:08:43 (24868 turns).

Gingerlord the Cleaver (Human Wanderer)            Turns: 24868, Time: 01:08:44

Health: 0/119      AC: 29    Str: 23    XL:     15   Next: 61%
Magic:  20/22      EV: 21    Int: 13    God:    Okawaru [*****.]
Gold:   676        SH:  4    Dex: 21    Spells: 0 memorised, 14 levels left

rFire  + . .     SeeInvis .     h - +5 glaive "Qowkoud" {flame, Str+5}
rCold  . . .     Gourm    .     o - +7 chain mail "Xugoem" {*Contam Regen+ Str+2 Stlth+}
rNeg   . . .     Faith    .     (shield currently unavailable)
rPois  +         Spirit   .     Y - +0 hat
rElec  .         Reflect  +     K - +1 cloak
rCorr  .         Harm     .     n - +0 pair of gloves {Dex+3}
MR     +....                    A - +2 pair of boots {Stlth+}
Stlth  ++........               P - +4 amulet of reflection
                                d - ring of poison resistance
                                X - ring of Lotin {rF+ Dex+3 Stlth-}

@: about to teleport, heroism
A: no striking features
a: Heroism, Finesse, Renounce Religion


You were on level 13 of the Dungeon.
You worshipped Okawaru.
Okawaru was extremely pleased with you.
You were not hungry.

You visited 4 branches of the dungeon, and saw 22 of its levels.
You also visited: Labyrinth, Sewer and Ossuary.

You collected 1847 gold pieces.
You spent 1171 gold pieces at shops.

Inventory:

Hand Weapons
 e - the +8 whip of the Poles {protect, +Blink rF+}
   (You found it on level 11 of the Dungeon)

   It protects the one who uses it against injury (+AC on strike).
   It protects you from fire.
   It lets you blink.
 h - the +5 glaive "Qowkoud" (weapon) {flame, Str+5}
   (You found it on level 8 of the Dungeon)

   It has been specially enchanted to burn those struck by it, causing extra
   injury to most foes and up to half again as much damage against particularly
   susceptible opponents.
   Big, fiery blades are also staple armaments of hydra-hunters.
   It affects your strength (+5).
 I - a +0 broad axe
Armour
 n - a +0 pair of gloves of dexterity (worn)
 o - the +7 chain mail "Xugoem" (worn) {*Contam Regen+ Str+2 Stlth+}
   (You bought it in a shop on level 8 of the Dungeon)

   It affects your strength (+2).
   It causes magical contamination when unequipped.
   It increases your rate of regeneration.
   It makes you more stealthy.
 s - a +0 large shield
 w - a +2 shield of protection
 A - a +2 pair of boots of stealth (worn)
 K - a +1 cloak (worn)
 Y - a +0 hat (worn)
Jewellery
 d - a ring of poison resistance (right hand)
 g - an uncursed ring of positive energy
 u - an uncursed ring of protection from cold
 F - an uncursed ring of resist corrosion
 J - an uncursed ring of protection from magic
 P - a +4 amulet of reflection (around neck)
 X - the ring of Lotin (left hand) {rF+ Dex+3 Stlth-}
   (You found it in a labyrinth)

   [ring of loudness]

   It affects your dexterity (+3).
   It protects you from fire.
   It makes you less stealthy.
Wands
 a - a wand of heal wounds (1/9)
 L - a wand of teleportation (2/9)
Scrolls
 j - 2 scrolls of fear
 l - 9 scrolls of remove curse
 q - a scroll of holy word {unknown}
 r - 2 scrolls of magic mapping
 v - a scroll of fog
 y - 6 scrolls of amnesia
 C - 3 scrolls of teleportation
 M - a scroll of enchant armour
 N - 3 scrolls of summoning
 O - a scroll of blinking
 T - 4 scrolls of enchant weapon
Potions
 b - 2 potions of haste
 i - 5 potions of flight
 m - 5 potions of curing
 t - 3 potions of might
 x - 5 potions of brilliance
 z - 6 potions of agility
 B - a potion of heal wounds
 D - 6 potions of lignification
 G - 2 potions of cancellation
 H - a potion of invisibility
 R - a potion of beneficial mutation {unknown}
 S - 2 potions of resistance {unknown}
 U - a potion of berserk rage {unknown}
 V - a potion of ambrosia
Comestibles
 c - 10 meat rations
 f - 8 bread rations
 k - 13 beef jerkies
 p - 10 royal jellies
 E - 5 slices of pizza
 W - 23 fruits


   Skills:
 + Level 11.3(16.3) Fighting
 + Level 11.5(16.7) Axes
 - Level 2.2(12.8) Maces & Flails
 - Level 1.0(12.5) Polearms
 + Level 11.2(16.2) Armour
 + Level 11.2(16.2) Dodging
 - Level 2.0(7.0) Stealth
 + Level 11.4(16.4) Shields
 - Level 9.9 Invocations


You had 14 spell levels left.
You didn't know any spells.

Dungeon Overview and Level Annotations

Branches:
Dungeon (13/15)            Temple (1/1) D:5            Lair (6/6) D:11
 Shoals (0/4) Lair:2       Spider (0/4) Lair:4        Slime (0/5) Lair:5
    Orc (2/2) D:11            Elf (0/3) Orc:2
 Vaults: D:13-14

Altars:
Ashenzari
Cheibriados
Dithmenos
Elyvilon
Fedhas
Gozag
Hepliaklqana
Kikubaaqudgha
Makhleb
Nemelex Xobeh
Okawaru
Qazlal
Ru
Sif Muna
Trog
Uskayaw
Vehumet
Xom
Yredelemnul
Zin
The Shining One

Shops:
D:8 [[(   Orc:2 %*=(


Message History

Something smites you!
You hit the meliai. You burn the meliai.
The meliai is almost dead.
The meliai mumbles some strange prayers to its god against you.
Something smites you!
The meliai calls upon its god to heal the meliai.
The meliai is healed somewhat.
The meliai mumbles some strange prayers to its god against you.
Something smites you!
* * * LOW HITPOINT WARNING * * *
Evoke which item? (* to show all) (? for menu, Esc to quit)
Zapping:
L - a wand of teleportation (3/9)
Press: ? - help, Shift-Dir - straight line, f - you You feel strangely unstable.
This wand has 2 charges left.
The meliai calls down the wrath of its god upon you.
Something smites you!
* * * LOW HITPOINT WARNING * * *
The meliai invokes the aid of its god against you.
Something smites you!
You die...

........##'###+####...
......................
.........y............
.............##.......
.######......##.......
#......##.......
#......##.......
.$.######y..............
.......@yy..............
########################


You could see 3 meliai.

Vanquished Creatures
  Nessos (Lair:4)
  A dire elephant (Lair:5)
  A minotaur (Lab)
  Josephine (D:11)
  Erolcha (D:13)
  A catoblepas (Lair:6)
  4 hydras
  The ghost of daryashkoh the Carver, a journeyman DsCK of Xom (Lair:1)
  9 death yaks (Lair:6)
  A deep troll shaman (Lair:6)
  3 orc high priests (Orc:2)
  Urug (D:10)
  An unseen horror (D:13)
  6 orc knights
  A hill giant (D:13)
  A lindwurm (Lair:6)
  A deep elf mage (D:13)
  3 orc sorcerers (Orc:2)
  2 ugly things (D:13)
  2 cyclopes
  A manticore (D:12)
  A siren (Lair:2)
  26 elephants
  Maurice (D:8)
  Psyche (D:8)
  A gargoyle (D:11)
  2 black mambas
  A guardian serpent (Orc:2)
  7 spiny frogs
  A rime drake (Lair:2)
  6 komodo dragons
  2 trolls
  2 hornets
  A polar bear (Lair:6)
  4 slime creatures
  6 hippogriffs
  Prince Ribbit (D:8)
  4 blink frogs (Lair:4)
  A spriggan (Lair:5)
  4 water elementals (D:10)
  5 wyverns
  A hungry ghost (D:9)
  7 wraiths
  2 steam dragons (D:12)
  37 yaks
  3 basilisks
  A warg (Orc:2)
  15 water moccasins
  A soldier ant (D:11)
  4 porcupines
  2 black bears
  3 ice beasts
  An eye of draining (D:9)
  27 orc warriors
  A sky beast (D:11)
  A phantom (D:8)
  A necrophage (D:11)
  12 ogres
  31 wolves
  9 crocodiles
  6 centaurs
  5 big kobolds
  17 bullfrogs
  A wyvern skeleton (D:10)
  2 scorpions
  6 killer bees
  3 electric eels (D:11)
  A bullfrog zombie (D:7)
  10 crimson imps
  2 quasits
  12 orc priests
  7 hounds
  An iron imp (D:9)
  7 jellies
  18 orc wizards
  5 bullfrog skeletons
  3 gnoll shamans
  3 iguanas
  2 hell rats (D:7)
  16 worker ants
  A hound zombie (D:9)
  12 mummies (Ossuary)
  3 worker ant zombies
  23 gnolls
  8 adders
  2 howler monkey skeletons
  5 river rats (D:7)
  2 shadow imps
  An adder skeleton (D:8)
  4 worms
  A dart slug (D:3)
  3 leopard geckos
  79 orcs
  4 giant cockroaches
  9 hobgoblins
  15 jackals
  2 quokkas
  4 ball pythons
  14 bats
  6 frilled lizards
  A gnoll skeleton (Ossuary)
  8 goblins
  A goblin skeleton (Ossuary)
  23 kobolds
  4 kobold skeletons (Ossuary)
  2 orc skeletons (Ossuary)
  A quokka skeleton (D:7)
  29 rats
  11 rat skeletons (Ossuary)
  A butterfly (Lair:4)
685 creatures vanquished.

Vanquished Creatures (others)
  A cyclops (D:12)
  An orc priest (Orc:2)
  A hound (D:12)
  An orc (Orc:2)
  32 fungi
  28 plants
64 creatures vanquished.

Grand Total: 749 creatures vanquished

Notes
Turn   | Place    | Note
-------+----------+-------------------------------------------
     0 | D:1      | Gingerlord the Human Wanderer began the quest for the Orb.
     0 | D:1      | Gingerlord set off with: a +2 dagger, a potion of haste, a +0 mace, a +0 buckler, a +0 robe, a bread ration
     0 | D:1      | Reached XP level 1. HP: 16/16 MP: 1/1
   275 | D:1      | Reached XP level 2. HP: 12/22 MP: 2/2
  1025 | D:2      | Found a sacrificial altar of Ru.
  1034 | D:2      | Reached skill level 1 in Armour
  1034 | D:2      | Reached XP level 3. HP: 22/27 MP: 3/3
  1101 | D:2      | Reached skill level 1 in Axes
  1101 | D:2      | Reached XP level 4. HP: 34/34 MP: 4/4
  1599 | D:3      | Reached XP level 5. HP: 37/39 MP: 5/5
  1642 | D:3      | Found a glowing drain.
  1647 | Sewer    | Entered a sewer
  1663 | Sewer    | Noticed a big kobold
  1681 | Sewer    | Killed a big kobold
  2018 | Sewer    | Noticed a big kobold
  2022 | Sewer    | Reached XP level 6. HP: 47/47 MP: 6/6
  2118 | D:3      | Found a deep blue altar of Sif Muna.
  3086 | D:3      | Reached XP level 7. HP: 30/52 MP: 7/7
  3229 | D:3      | HP: 2/52 [orc priest/divine providence (13)]
  3804 | D:4      | Found a stormy altar of Qazlal.
  3809 | D:4      | Found a shattered altar of Ashenzari.
  4078 | D:4      | Found a glowing golden altar of the Shining One.
  4357 | D:5      | Entered Level 5 of the Dungeon
  4693 | D:5      | Found a burning altar of Makhleb.
  4694 | D:5      | Found a radiant altar of Vehumet.
  4763 | D:5      | Reached XP level 8. HP: 50/60 MP: 8/8
  4824 | D:5      | Found a staircase to the Ecumenical Temple.
  4940 | D:5      | Found a hazy altar of Hepliaklqana.
  6375 | D:7      | Found a glowing silver altar of Zin.
  6506 | D:7      | Found a sand-covered staircase.
  6656 | Ossuary  | Entered an ossuary
  7275 | D:7      | Reached XP level 9. HP: 60/67 MP: 9/9
  7306 | D:7      | Reached skill level 5 in Fighting
  7362 | D:7      | Reached skill level 5 in Shields
  7664 | D:8      | Found Ybylidgh's Antique Armour Shop.
  7670 | D:8      | Reached skill level 5 in Armour
  7688 | D:8      | Got an ebony glaive
  7694 | D:8      | Identified the +5 glaive "Qowkoud" {flame, Str+5} (You found it on level 8 of the Dungeon)
  7700 | D:8      | Bought a fine chain mail for 247 gold pieces
  7710 | D:8      | Identified the +7 chain mail "Xugoem" {*Contam Regen+ Str+2 Stlth+} (You bought it in a shop on level 8 of the Dungeon)
  7837 | Temple   | Entered the Ecumenical Temple
  7923 | Temple   | Became a worshipper of Warmaster Okawaru
  8021 | D:7      | Reached skill level 5 in Axes
  8041 | D:7      | Reached skill level 5 in Dodging
  8182 | D:8      | Found Doxeynuk's Antique Armour Shop.
  8254 | D:8      | Found Jomalag's Weapon Shop.
  8290 | D:8      | Noticed Maurice
  8412 | D:8      | Noticed Prince Ribbit
  8418 | D:8      | Killed Prince Ribbit
  8438 | D:8      | Killed Maurice
  8438 | D:8      | Reached * piety under Okawaru
  8551 | D:8      | Noticed Psyche
  8558 | D:8      | Killed Psyche
  8558 | D:8      | Reached ** piety under Okawaru
  8558 | D:8      | Reached XP level 10. HP: 64/76 MP: 6/10
  8857 | D:9      | Reached skill level 1 in Invocations
  8885 | D:9      | Found a snail-covered altar of Cheibriados.
  9165 | D:9      | Reached *** piety under Okawaru
  9229 | D:9      | Found a hazy altar of Hepliaklqana.
  9394 | D:9      | Found an opulent altar of Gozag.
  9394 | D:9      | Found a basalt altar of Yredelemnul.
  9609 | D:10     | Entered Level 10 of the Dungeon
  9950 | D:10     | Noticed Urug
  9959 | D:10     | Killed Urug
  9959 | D:10     | Reached **** piety under Okawaru
 10036 | D:10     | Reached XP level 11. HP: 57/83 MP: 13/13
 11033 | D:11     | Found a labyrinth entrance.
 11040 | Lab      | Entered a labyrinth
 11195 | Lab      | Noticed a minotaur
 11201 | Lab      | Killed a minotaur
 11201 | Lab      | Reached ***** piety under Okawaru
 11297 | Lab      | Got a scorched steel ring
 11299 | Lab      | Identified the ring of Lotin {rF+ Dex+3 Stlth-} (You found it in a labyrinth)
 11363 | D:11     | Found a staircase to the Orcish Mines.
 11423 | D:11     | Found a burning altar of Makhleb.
 11430 | D:11     | Got a shimmering whip
 11431 | D:11     | Identified the +8 whip of the Poles {protect, +Blink rF+} (You found it on level 11 of the Dungeon)
 11449 | D:11     | Found a staircase to the Lair.
 11507 | D:11     | Reached skill level 5 in Invocations
 11708 | D:11     | Received a gift from Okawaru
 11782 | D:11     | Noticed Josephine
 11810 | D:11     | Killed Josephine
 11837 | D:11     | Reached XP level 12. HP: 51/92 MP: 16/16
 12873 | Lair:1   | Entered Level 1 of the Lair of Beasts
 13120 | Lair:1   | Noticed daryashkoh's ghost (journeyman DsCK)
 13186 | Lair:1   | Killed daryashkoh's ghost
 13186 | Lair:1   | Reached ****** piety under Okawaru
 13380 | Lair:1   | Received a gift from Okawaru
 14410 | Lair:2   | Found a staircase to the Shoals.
 15062 | Lair:3   | Noticed a five-headed hydra
 15075 | Lair:3   | Killed a five-headed hydra
 15576 | Lair:4   | Reached XP level 13. HP: 100/100 MP: 18/18
 15845 | Lair:4   | Found a hole to the Spider Nest.
 16068 | Lair:4   | Noticed a seven-headed hydra
 16108 | Lair:4   | Killed a seven-headed hydra
 16373 | Lair:4   | Noticed Nessos
 16445 | Lair:4   | Killed Nessos
 16445 | Lair:4   | Received a gift from Okawaru
 16914 | Lair:5   | Found a staircase to the Slime Pits.
 17680 | Lair:5   | Received a gift from Okawaru
 17863 | Lair:5   | Reached skill level 10 in Shields
 17875 | Lair:5   | Noticed a dire elephant
 17966 | Lair:5   | Reached skill level 10 in Axes
 17978 | Lair:5   | Reached XP level 14. HP: 93/109 MP: 20/20
 18082 | Lair:5   | Killed a dire elephant
 18436 | Lair:6   | Entered Level 6 of the Lair of Beasts
 18473 | Lair:6   | Reached skill level 10 in Fighting
 18837 | Lair:6   | Reached skill level 10 in Armour
 18916 | Lair:6   | Reached skill level 10 in Dodging
 19356 | Lair:6   | Received a gift from Okawaru
 19979 | Lair:6   | Received a gift from Okawaru
 20943 | Orc:1    | Entered Level 1 of the Orcish Mines
 21058 | Orc:1    | Reached XP level 15. HP: 86/117 MP: 22/22
 21763 | Orc:2    | Entered Level 2 of the Orcish Mines
 21896 | Orc:2    | Found a staircase to the Elven Halls.
 23020 | Orc:2    | Received a gift from Okawaru
 23042 | Orc:2    | Got a shimmering buckler {god gift}
 23053 | Orc:2    | Identified the +3 buckler "Saeclui" {rC+ Str+2} (Okawaru gifted it to you on level 2 of the Orcish Mines)
 23104 | Orc:2    | Found Istrouqipn's Weapon Boutique.
 23104 | Orc:2    | Found Miga's Jewellery Shoppe.
 23110 | Orc:2    | Found Evag's Assorted Antiques.
 23110 | Orc:2    | Found Serimur's Food Shoppe.
 23118 | Orc:2    | Bought a pair of runed gloves for 294 gold pieces
 23133 | Orc:2    | Bought an uncursed ring of poison resistance for 280 gold pieces
 23133 | Orc:2    | Bought a +4 amulet of reflection for 350 gold pieces
 24520 | D:13     | Noticed Erolcha
 24532 | D:13     | Killed Erolcha
 24809 | D:13     | Got a transparent morningstar
 24813 | D:13     | Identified the +1 morningstar of Indomitability {drain, *Noise rC+ rN+} (You found it on level 13 of the Dungeon)
 24868 | D:13     | Killed from afar by a meliai

Skill      XL: |  1  2  3  4  5  6  7  8  9 10 11 12 13 14 15 |
---------------+----------------------------------------------+-----
Armour         | 1 2 3 4 5 6 7 8 9 10 11 | 11.2
Axes           | 1 2 3 4 5 6 7 8 10 11 | 11.5
Fighting       | 3 4 6 8 9 10 11 | 11.3
Dodging        | 2 3 4 5 6 7 8 9 10 11 | 11.2
Shields        | 3 4 6 7 8 9 10 11 | 11.4
Invocations    | 3 5 7 8 9 |  9.9
Maces & Flails | |  2.2
Polearms       | |  1.0
Stealth        | |  2.0

Action                   |  1- 3 |  4- 6 |  7- 9 | 10-12 | 13-15 || total
-------------------------+-------+-------+-------+-------+-------++-------
Melee: Mace              |    48 |       |       |       |       ||    48
       Hand axe          |    25 |   158 |   363 |       |       ||   546
       Glaive            |       |       |    72 |   256 |     2 ||   330
       Whip              |       |       |       |   855 |  2756 ||  3611
Invok: Heroism           |       |       |       |     5 |    13 ||    18
Evoke: Wand              |       |       |       |       |     8 ||     8
  Use: Potion            |     1 |       |     3 |     6 |     1 ||    11
       Scroll            |       |     3 |     5 |    17 |     7 ||    32
 Stab: Sleeping          |       |       |     1 |       |       ||     1
       Petrified         |       |       |       |       |    37 ||    37
       Petrifying        |       |       |       |       |     3 ||     3
  Eat: Chunk             |     1 |     5 |    21 |    33 |    31 ||    91
Armor: Scale mail        |    49 |    76 |   109 |       |       ||   234
       Robe              |     1 |       |       |       |       ||     1
       Chain mail        |       |       |    82 |   446 |  1014 ||  1542
Dodge: Dodged            |    37 |    83 |   193 |   410 |   906 ||  1629
Block: Buckler           |    15 |    34 |    77 |       |       ||   126
       Shield            |       |       |       |   545 |  1818 ||  2363
       Other             |       |       |       |       |     3 ||     3
       Reflection        |       |       |       |       |     3 ||     3
